 Dungeon Crawl Stone Soup version 0.30-a0-779-g7971cf19c3 (console) character file.

Game seed: 8321208687172015852

53923 jejorda2 the Impaler (level 14, -1/118 HPs)
             Began as a Merfolk Berserker on Feb 17, 2023.
             Was a High Priest of Trog.
             Slain by a tyrant leech (16 damage)
             ... on level 5 of the Lair of Beasts on Feb 18, 2023.
             The game lasted 00:54:58 (20316 turns).

jejorda2 the Impaler (Merfolk Berserker)           Turns: 20316, Time: 00:54:59

Health: -1/118     AC: 21    Str: 21    XL:     14   Next: 70%
Magic:  14/14      EV:  8    Int:  7    God:    Trog [*****.]
Gold:   979        SH:  0    Dex: 14    Spells: 13/13 levels left

rFire   . . .      SeeInvis +    a - +0 glaive (vamp)
rCold   + . .      Faith    .    (shield currently unavailable)
rNeg    + . .      Spirit   .    A - +2 plate armour {rN+}
rPois   .          Reflect  .    g - +0 helmet
rElec   .          Harm     .    h - +2 cloak
rCorr   +          Rampage  .    L - +0 pair of gloves
Will    +....                    F - +0 pair of boots {Fly} Stlth
                                 m - amulet "Nierph" {RegenMP rCorr SInv}
HPRegen 0.39/turn                G - +4 ring of slaying
MPRegen 0.54/turn                O - ring of protection from cold

@: on berserk cooldown, flying, slowed, very slow
A: (nimble swimmer 2), mertail
a: Renounce Religion, Berserk, Trog's Hand, Brothers in Arms


You were on level 5 of the Lair of Beasts.
You worshipped Trog.
Trog was extremely pleased with you.
You visited 2 branches of the dungeon, and saw 16 of its levels.
You also visited: Sewer, Bailey and Gauntlet.

You collected 1245 gold pieces.
You spent 266 gold pieces at shops.

Inventory:

Hand Weapons
 a - a +0 vampiric glaive (weapon)
 I - a +4 trident
Missiles
 c - 127 stones
 i - 6 curare-tipped darts
 l - 22 poisoned darts (quivered)
 n - 8 datura-tipped darts
 t - 35 javelins
 x - a throwing net
 D - 2 boomerangs
Armour
 g - a +0 helmet (worn)
 h - a +2 cloak (worn)
 A - a +2 plate armour of positive energy (worn)
 F - a +0 pair of boots of flying (worn)
 J - the +4 skin of Zhor {*Englaciate rC+++ SInv}
   (You found it on level 1 of the Lair of Beasts)

   *Englaciate: It radiates cold, occasionally slowing all nearby creatures who
   are not resistant to cold.
   rC:        It renders you almost immune to cold.
   SInv:      It lets you see invisible.
 L - a +0 pair of gloves (worn)
Jewellery
 m - the amulet "Nierph" (around neck) {RegenMP rCorr SInv}
   (You found it on level 2 of the Dungeon)

   [amulet of magic regeneration]

   It increases your rate of magic regeneration.
   SInv:      It lets you see invisible.
   rCorr:     It protects you from acid and corrosion.
 o - a ring of protection from fire
 y - the ring "Zisiebb" {rC+ MP+9}
   (You found it in a Gauntlet)

   [ring of magical power]

   rC:        It protects you from cold.
   MP:        It affects your magic capacity (+9).
 G - a +4 ring of slaying (left hand)
 O - a ring of protection from cold (right hand)
Wands
 k - a wand of digging (4)
 p - a wand of flame (2)
 s - a wand of charming (30)
 u - a wand of light (14)
 B - a wand of polymorph (12)
Scrolls
 e - a scroll of identify
 q - 14 scrolls of teleportation
 M - 4 scrolls of fog
 N - 2 scrolls of blinking
 P - 2 scrolls of fear
Potions
 b - 7 potions of curing
 d - 3 potions of haste
 f - 2 potions of magic
 j - a potion of invisibility
 r - 2 potions of mutation
 v - 3 potions of might
 w - 7 potions of attraction
 z - 3 potions of flight
 C - 3 potions of lignification
 E - 5 potions of ambrosia
 R - a potion of heal wounds
Miscellaneous
 H - a tin of tremorstones (2/2)
 Q - a tin of tremorstones (2/2)


   Skills:
 * Level 13.0 Fighting
 + Level 20.3 Polearms
 + Level 12.7 Throwing
 - Level 6.0 Armour
 - Level 6.0 Dodging
 - Level 6.0 Evocations


You had 13 spell levels left.
You didn't know any spells.
Your spell library was empty.

Dungeon Overview and Level Annotations

Branches:
Dungeon (11/15)            Temple (0/1) D:7            Lair (5/5) D:8
  Swamp (0/4) Lair:2        Snake (0/4) Lair:2        Slime (0/5) Lair:5
    Orc (0/2) D:11          Sewer (visited)          Bailey (visited)
Gauntlet (visited)

Altars:
Ashenzari
Cheibriados
Elyvilon
Fedhas
Gozag
Hepliaklqana
Kikubaaqudgha
Makhleb
Nemelex Xobeh
Sif Muna
Uskayaw
Vehumet
Xom
Yredelemnul
The Shining One

Shops:
D:1 [   D:3 ?

Annotations:
D:3 2 runed translucent doors, browni3141's ghost, amateur HOGl
D:8 3 runed translucent doors, bande's ghost, novice GrFi
Lair:5 1 runed translucent door


Innate Abilities, Weirdness & Mutations

((You are very nimble when in or above water. (Stealth+, EV+, Speed+++)))
Your lower body shifts to a powerful aquatic tail in water.


Message History

The torpor snail is almost dead.
The torpor snail bites you but does no damage.
The tyrant leech bites you.
* * * LOW HITPOINT WARNING * * *
The tyrant leech draws strength from your injuries!
You slice the torpor snail!!
You feel better.
You kill the torpor snail!
Trog accepts your kill.
You feel yourself speed up.
The tyrant leech bites you but does no damage.
You hit the tyrant leech.
You feel better.
The tyrant leech is severely wounded.
The tyrant leech bites you!!
* * * LOW HITPOINT WARNING * * *
The tyrant leech draws strength from your injuries!
You slash the tyrant leech!
You feel better.
The tyrant leech is almost dead.
Reach: a) +0 glaive (vamp)
Press: ? - help, Dir - move target, f - hornet
Aim: a hornet (about 37% to evade your +0 vampiric glaive)
The tyrant leech is in the way.
You slash the tyrant leech!
The tyrant leech is severely wounded.
The tyrant leech bites you but does no damage.
You barely miss the tyrant leech.
The tyrant leech is almost dead.
The tyrant leech bites you!
* * * LOW HITPOINT WARNING * * *
The tyrant leech draws strength from your injuries!
You barely miss the tyrant leech.
The tyrant leech is almost dead.
The tyrant leech closely misses you.
You slice the tyrant leech!!
You feel better.
You kill the tyrant leech!
Trog accepts your kill.
You slice the tyrant leech!!
You feel better.
The tyrant leech is almost dead.
You are no longer berserk.
You are exhausted.
You feel yourself slow down. The tyrant leech bites you!
You die...

###### #
###....##### ####
##†.........#####...
#?.@####P....##.....
#.w## ####..#.....#
#.. ## ##.....###
#... #^###....###
##.. ###......## ###
#.......##
..#..P.####
#.#...#.# ##.#..†###


You could see a tyrant leech.

Vanquished Creatures
  A minotaur (Gauntlet)
  Fannar (D:10)
  Erica (D:11)
  A ghost crab (Lair:2)
  3 boulder beetles
  A two-headed ogre (D:11)
  A skeletal warrior (D:10)
  3 skysharks
  A spectral hydra (Lair:2)
  Pikel (D:7)
  2 lindwurms
  A cyclops (D:11)
  16 elephants
  A spectral boulder beetle (Lair:2)
  An ugly thing (D:11)
  5 large abominations (Gauntlet)
  9 torpor snails
  3 black mambas
  7 cane toads
  2 kobold demonologists
  A gargoyle (D:11)
  5 komodo dragons
  A centaur skeleton (D:10)
  8 rime drakes
  A queen bee (Lair:3)
  3 trolls
  3 polar bears (Lair:3)
  3 tyrant leeches (Lair:5)
  9 blink frogs
  7 hornets
  5 dream sheep (Lair:4)
  A shadow (D:11)
  A wraith (D:9)
  4 wyverns
  47 yaks
  A vampire (D:11)
  3 vampire mosquitoes (D:7)
  2 steam dragons
  Grum (D:10)
  Menkaure (D:7)
  Edmund (D:5)
  3 nagas (Lair:2)
  9 water moccasins
  An ice beast (D:7)
  Pargi (Sewer)
  2 black bears
  A spectral blink frog (Lair:2)
  2 sky beasts (D:7)
  19 orc warriors
  14 wolves
  12 centaurs
  2 lemures (D:7)
  A phantom (D:5)
  3 kobold brigands
  A spectral water moccasin (Lair:2)
  11 bullfrogs
  2 gnoll sergeants
  A scorpion (D:6)
  2 necrophages
  7 wights (D:8)
  27 killer bees
  3 howler monkeys (D:11)
  5 electric eels (D:8)
  A crimson imp (D:5)
  10 orc priests
  Crazy Yiuf (D:7)
  7 hounds
  3 iguanas
  Natasha (thrice) (D:3)
  10 orc wizards
  Terence (D:3)
  6 small abominations (Gauntlet)
  A mummy (D:10)
  9 gnolls
  10 adders
  A shadow imp (D:8)
  A white imp (D:6)
  3 ufetubi
  A worm (D:3)
  3 dart slugs
  56 orcs
  10 bats
  8 endoplasms (D:1)
  4 giant cockroaches
  7 goblins
  7 hobgoblins
  2 jackals (Sewer)
  16 kobolds
  4 quokkas
  4 ball pythons
  2 frilled lizards
  6 rats (D:1)
495 creatures vanquished.

Vanquished Creatures (collateral kills)
  A death knight (D:10)
  A skeletal warrior (D:10)
  An elephant (Lair:3)
  A centaur skeleton (D:10)
  A wraith (D:10)
  3 small abominations (Gauntlet)
8 creatures vanquished.

Vanquished Creatures (others)
  A bush (Lair:3)
  19 fungi
  29 plants
  4 toadstools (D:1)
53 creatures vanquished.

Grand Total: 556 creatures vanquished

Notes
Turn   | Place    | Note
-------+----------+-------------------------------------------
     0 | D:1      | jejorda2 the Merfolk Berserker began the quest for the Orb.
     0 | D:1      | Reached XP level 1. HP: 18/18 MP: 1/1
    85 | D:1      | Reached XP level 2. HP: 20/24 MP: 2/2
   351 | D:1      | Found Baxkuoj's Antique Armour Boutique.
   361 | D:1      | Reached XP level 3. HP: 19/29 MP: 3/3
   526 | D:1      | You fall into a shaft and drop 1 floor!
   567 | D:2      | Reached ** piety under Trog
   568 | D:2      | Reached skill level 5 in Polearms
  1114 | D:2      | Found a faded altar of an unknown god.
  1209 | D:2      | Reached XP level 4. HP: 37/37 MP: 4/4
  1586 | D:2      | Identified the amulet "Nierph" {RegenMP rCorr SInv}
  1595 | D:2      | Found a shimmering altar of Xom.
  1795 | D:3      | Found a runed translucent door.
  1796 | D:3      | Noticed browni3141's ghost (amateur HOGl)
  1811 | D:3      | Reached skill level 6 in Polearms
  1811 | D:3      | Reached XP level 5. HP: 31/42 MP: 5/5
  1829 | D:3      | Found Rydoetsa's Magic Scroll Boutique.
  1862 | D:3      | Noticed Natasha
  1866 | D:3      | Killed Natasha
  1867 | D:3      | Reached XP level 6. HP: 49/49 MP: 6/6
  1957 | D:3      | Noticed Terence
  1965 | D:3      | Killed Terence
  1991 | D:3      | Found a runed translucent door.
  1999 | D:3      | Noticed Natasha
  2016 | D:3      | Killed Natasha
  2017 | D:3      | Reached skill level 7 in Polearms
  2040 | D:3      | Noticed Natasha
  2048 | D:3      | Killed Natasha
  2102 | D:3      | Found a glowing drain.
  2111 | Sewer    | Entered a sewer
  2165 | Sewer    | Noticed Pargi
  2171 | Sewer    | Killed Pargi
  2172 | Sewer    | Reached skill level 5 in Fighting
  2172 | Sewer    | Reached skill level 5 in Dodging
  2576 | D:4      | Found a glowing golden altar of the Shining One.
  2592 | D:4      | Found a shimmering altar of Xom.
  2592 | D:4      | Found a glowing golden altar of the Shining One.
  2606 | D:4      | Reached XP level 7. HP: 56/56 MP: 7/7
  2615 | D:4      | Found a glowing golden altar of the Shining One.
  2615 | D:4      | Found a radiant altar of Vehumet.
  2615 | D:4      | Found an opulent altar of Gozag.
  2672 | D:4      | Found a hazy altar of Hepliaklqana.
  2876 | D:4      | Reached skill level 8 in Polearms
  3160 | D:4      | Found a shimmering blue altar of Sif Muna.
  3345 | D:4      | Found a white marble altar of Elyvilon.
  3422 | D:4      | Found a hide-covered altar of Uskayaw.
  3472 | D:4      | Reached skill level 9 in Polearms
  3477 | D:4      | HP: 1/57 [poisoned by a kobold brigand (curare-tipped
                  | dart)]
  3562 | D:4      | Reached *** piety under Trog
  3803 | D:5      | Entered Level 5 of the Dungeon
  3816 | D:5      | Noticed a yak
  3816 | D:5      | Noticed a yak
  3816 | D:5      | Noticed a yak
  3817 | D:5      | Noticed a yak
  3835 | D:5      | Killed a yak
  3836 | D:5      | Reached XP level 8. HP: 64/64 MP: 8/8
  3838 | D:5      | Killed a yak
  3839 | D:5      | Reached skill level 10 in Polearms
  3843 | D:5      | Killed a yak
  3844 | D:5      | Reached skill level 11 in Polearms
  3847 | D:5      | Killed a yak
  4050 | D:5      | Reached skill level 1 in Throwing
  4173 | D:5      | Noticed Edmund
  4186 | D:5      | Killed Edmund
  4187 | D:5      | Reached skill level 12 in Polearms
  4187 | D:5      | Reached XP level 9. HP: 69/69 MP: 9/9
  4514 | D:5      | Found a radiant altar of Vehumet.
  4514 | D:5      | Found a burning altar of Makhleb.
  4689 | D:1      | Bought a heavily runed chain mail for 266 gold pieces
  4689 | D:1      | Identified the +4 chain mail of Perfidy {Harm Dex+3} (You
                  | bought it in a shop on level 1 of the Dungeon)
  5667 | D:7      | Noticed Menkaure
  5683 | D:7      | Killed Menkaure
  5818 | D:7      | Reached skill level 13 in Polearms
  6161 | D:7      | Found a staircase to the Ecumenical Temple.
  6288 | D:7      | Noticed a hornet
  6294 | D:7      | Killed a hornet
  6295 | D:7      | Reached skill level 14 in Polearms
  6295 | D:7      | Reached XP level 10. HP: 76/76 MP: 10/10
  6461 | D:7      | Noticed Pikel
  6481 | D:7      | Killed Pikel
  6741 | D:7      | Found a runed translucent door.
  6742 | D:7      | Noticed Crazy Yiuf
  6750 | D:7      | Killed Crazy Yiuf
  6755 | D:7      | Identified the +2 hammer of Yvycw {heavy, Str+4}
  7029 | D:8      | Found a runed translucent gate.
  7029 | D:8      | Found a runed translucent gate.
  7030 | D:8      | Found a runed translucent gate.
  7031 | D:8      | Noticed bande's ghost (novice GrFi)
  7131 | D:8      | Found a staircase to the Lair.
  7366 | D:8      | Found a blossoming altar of Fedhas.
  7494 | D:8      | Reached skill level 5 in Throwing
  7568 | D:8      | Reached **** piety under Trog
  7582 | D:8      | Reached skill level 15 in Polearms
  8415 | D:9      | Found a broken altar of Ashenzari.
  8671 | D:9      | Reached skill level 16 in Polearms
  8671 | D:9      | Reached skill level 5 in Armour
  8759 | D:9      | Reached XP level 11. HP: 81/81 MP: 11/11
  9232 | D:10     | Entered Level 10 of the Dungeon
  9232 | D:10     | Found a transporter.
  9236 | D:10     | Found a transporter.
  9251 | D:10     | Noticed a skeletal warrior
  9252 | D:10     | Found an ancient bone altar of Kikubaaqudgha.
  9256 | D:10     | Noticed a death knight
  9259 | D:10     | Noticed a skeletal warrior
  9262 | D:10     | Found a basalt altar of Yredelemnul.
  9325 | D:10     | Noticed Grum
  9330 | D:10     | Reached ***** piety under Trog
  9340 | D:10     | Killed Grum
  9363 | D:10     | Found a snail-covered altar of Cheibriados.
  9457 | D:10     | Found a sparkling altar of Nemelex Xobeh.
  9702 | D:10     | Noticed Fannar
  9717 | D:10     | Killed Fannar
  9718 | D:10     | Reached skill level 17 in Polearms
  9959 | D:10     | Found a flagged portal.
  9976 | Bailey   | Entered a bailey
 10790 | Bailey   | Reached skill level 18 in Polearms
 11150 | Bailey   | Acquired a +0 pair of boots of flying
 11384 | D:10     | Killed a skeletal warrior
 11385 | D:10     | Reached skill level 1 in Evocations
 11399 | D:10     | HP: 1/81 [skeletal warrior/+0 mace (9)]
 11669 | D:10     | Killed a skeletal warrior
 11679 | D:10     | Killed a death knight
 11680 | D:10     | Reached XP level 12. HP: 55/89 MP: 12/12
 11974 | D:11     | Found a staircase to the Orcish Mines.
 11981 | D:11     | Reached skill level 19 in Polearms
 12254 | D:11     | Noticed a two-headed ogre
 12254 | D:11     | Noticed Erica
 12265 | D:11     | Killed a two-headed ogre
 12385 | D:11     | Killed Erica
 12541 | D:11     | Noticed a boulder beetle
 12554 | D:11     | Killed a boulder beetle
 12918 | Lair:1   | Entered Level 1 of the Lair of Beasts
 12959 | Lair:1   | Reached skill level 20 in Polearms
 12968 | Lair:1   | Reached skill level 5 in Evocations
 13436 | Lair:1   | Found the +4 skin of Zhor {*Englaciate rC+++ SInv}
 13631 | Lair:1   | Reached XP level 13. HP: 101/101 MP: 13/13
 14680 | Lair:2   | Reached skill level 10 in Fighting
 14755 | Lair:2   | Found a staircase to the Swamp.
 15298 | Lair:2   | Found a staircase to the Snake Pit.
 16524 | Lair:3   | HP: 5/106 [torpor snail (8)]
 16689 | Lair:3   | Found a gate leading to a gauntlet.
 16700 | Gauntlet | Entered a Gauntlet
 16700 | Gauntlet | Found a transporter.
 16700 | Gauntlet | Found a transporter.
 16700 | Gauntlet | Found a transporter.
 16727 | Gauntlet | Found a transporter.
 16739 | Gauntlet | Found a transporter.
 16740 | Gauntlet | Found a transporter.
 16751 | Gauntlet | Found a transporter.
 16759 | Gauntlet | Noticed an entropy weaver
 16769 | Gauntlet | Found a transporter.
 16784 | Gauntlet | Found a transporter.
 16787 | Gauntlet | Found a transporter.
 16795 | Gauntlet | Found a transporter.
 16798 | Gauntlet | Found a transporter.
 16922 | Gauntlet | Reached skill level 10 in Throwing
 16984 | Gauntlet | Reached XP level 14. HP: 115/115 MP: 14/14
 17208 | Gauntlet | Identified the ring "Zisiebb" {rC+ MP+9}
 19810 | Lair:5   | Entered Level 5 of the Lair of Beasts
 19874 | Lair:5   | Found a staircase to the Slime Pits.
 20032 | Lair:5   | Paralysed by a hornet for 2 turns
 20247 | Lair:5   | Found a runed translucent door.
 20316 | Lair:5   | Slain by a tyrant leech

Illustrated notes

Levels and vault maps discovered:
D:1:      ldierk_walled_garden_2, layout_loops_corners, serial_shops,
          nicolae_diamond_shop, kennysheep_pointless_box,
          grunt_decor_mini_mirrors
D:2:      layout_basic, basic_altar, chequers_ecumenical_altar_grove
D:3:      layout_rooms, serial_shops, nicolae_lakefront_shop,
          ebering_ghost_sewer_f, portal_sewer_entry_d, uniq_terence,
          uniq_natasha
D:4:      cheibrodos_thug_alley, layout_loops_corners,
          nicolae_uskayaw_dance_hall, mainiacjoe_overflow_small_starburst,
          kennysheep_orc_sif_temple, doesnt_xom_only_xom, elyvilon_altar_5,
          minmay_misc_feat_doors
D:5:      minmay_angry_zag, layout_loops_ring,
          grunt_temple_overflow_lords_of_destruction, uniq_edmund
D:6:      layout_basic, chequers_serial_rivers_large_a
D:7:      layout_loops_cross, minmay_temple_entry_nine_rooms,
          uniq_crazy_yiuf_cottage, uniq_menkaure, uniq_pikel
D:8:      layout_basic, mainiacjoe_overflow_alcove_4, erik_lair_island,
          gammafunk_ghost_spectres
D:9:      layout_loops_ring, mainiacjoe_overflow_brackets
D:10:     layout_gridville, old_standard_altar, gammafunk_temple_of_torment,
          slow_altar_1, enter_bailey_7, minmay_misc_feat_rows, uniq_fannar,
          uniq_grum
D:11:     layout_irregular_city, minmay_orc_entry_temple_small,
          minmay_fractal_squares_gapless_5, uniq_erica
Lair:1:   layout_gridlike, hellmonk_guarded_unrand_zhor,
          infiniplex_staircase_pool
Lair:2:   layout_regular_city, nicolae_swamp_entry_spooky,
          nicolae_snake_entry_squirm, st_stairs_10
Lair:3:   nzn_winding_woodlands_small [nzn_winding_woodlands_5x15_twine,
          nzn_winding_woodlands_center_garden,
          nzn_winding_woodlands_5x15_pockets], layout_long_grid, special_room
          [special_room_bee], gauntlet_entry_generic,
          chequers_serial_rivers_micro_c, nzn_sisyphean_effort
Lair:4:   layout_regular_city, serial_bayou_shore_b, infiniplex_staircase_pool_2
Lair:5:   wormcave, layout_big_grid, hangedman_lair_in_review, slime_entry_1,
          chequers_serial_rivers_small_3

Skill      XL: |  1  2  3  4  5  6  7  8  9 10 11 12 13 14 |
---------------+-------------------------------------------+-----
Dodging        | 3 4 5 6 |  6.0
Polearms       | 5 6 7 9 12 14 16 18 20 | 20.3
Fighting       | 4 5 6 9 12 13 | 13.0
Throwing       | 1 4 6 10 12 | 12.7
Armour         | 2 3 5 6 |  6.0
Evocations     | 2 5 6 |  6.0

Action                     |  1- 3 |  4- 6 |  7- 9 | 10-12 | 13-15 || total
---------------------------+-------+-------+-------+-------+-------++-------
  Melee: Spear             |   122 |    38 |       |       |       ||   160
         Trident           |       |    55 |   157 |       |       ||   212
         Tailslap          |       |       |     1 |     5 |       ||     6
         Halberd           |       |       |   158 |   663 |       ||   821
         Glaive            |       |       |       |    65 |   830 ||   895
  Throw: Stone             |       |       |     6 |    19 |     2 ||    27
         Dart              |       |       |     2 |       |     6 ||     8
         Javelin           |       |       |       |       |    10 ||    10
 Invoke: Berserk           |       |     3 |     8 |    12 |    10 ||    33
         Trog's Hand       |       |     2 |       |    10 |     5 ||    17
         Brothers in Arms  |       |       |       |     1 |     2 ||     3
  Evoke: Wand              |       |       |       |     7 |     2 ||     9
    Use: Scroll            |       |    10 |     5 |     7 |     5 ||    27
         Potion            |       |       |     2 |     2 |     1 ||     5
   Stab: Sleeping          |     1 |       |       |       |       ||     1
         Invisible         |       |       |       |     2 |       ||     2
 Armour: Animal skin       |     4 |       |       |       |       ||     4
         Scale mail        |    24 |    27 |     1 |       |       ||    52
         Chain mail        |       |       |    99 |    44 |       ||   143
         Plate armour      |       |       |       |   282 |   395 ||   677
  Dodge: Dodged            |    36 |    39 |    95 |   259 |   251 ||   680

Table legend: (Time is in decaauts)
 A = Elapsed time spent in this place.
 B = Non-inter-level travel time spent in this place.
 C = Inter-level travel time spent in this place.
 D = Time resting spent in this place.
 E = Time spent auto-exploring this place.
 F = Levels seen in this place.
 G = Mean time per level.
                   A        B        C        D        E       F      G
               +--------+--------+--------+--------+--------+-----+--------+
         Total |  19957 |  18741 |   1216 |   2114 |  12555 |  19 | 1050.4 |
       Dungeon |  11724 |  10716 |   1008 |    920 |   7507 |  11 | 1065.8 |
          Lair |   6346 |   6139 |    207 |    662 |   4276 |   5 | 1269.2 |
         Sewer |    138 |    138 |      0 |     38 |     63 |   1 |  138.0 |
        Bailey |   1136 |   1136 |      0 |    244 |    553 |   1 | 1136.0 |
      Gauntlet |    611 |    611 |      0 |    248 |    155 |   1 |  611.0 |
               +--------+--------+--------+--------+--------+-----+--------+

Top non-repeatable levels by time:
  Lair:2: 1879 daAuts
     D:8: 1530 daAuts
  Lair:4: 1525 daAuts
    D:10: 1436 daAuts
  Lair:3: 1359 daAuts
     D:4: 1299 daAuts
     D:7: 1241 daAuts
  Bailey: 1136 daAuts
  Lair:1: 1129 daAuts
    D:11: 1005 daAuts
     D:1: 985 daAuts
     D:9: 970 daAuts
     D:6: 904 daAuts
     D:2: 879 daAuts
     D:5: 849 daAuts
